AoeStats
← powerkek

African Clearing

506458063Analyzed
4v4 RM · 18d ago on Sep 13, 2026· 95m 11s· 8 players
Game mode
Random Map
Map size
Large (8 player)
Population
200
Speed
Normal
Resources
Standard
Victory
Conquest
Starting age
Dark Age
Ending age
Imperial Age
RankedLock teamsTeams togetherTeam positionsShared explorationLock speedFull tech treeHidden civsTurbo modeCheats
Victory
Defeat
🇨🇿 Teutons · Czechia
1091
+15
🇩🇪 Mapuche · Germany
1065
+16
🇦🇷 Huns · Argentina
1065
+16
🇵🇱 Poles · Poland
1054
+17
🇺🇸 Cumans · United States
1093
-16
🇨🇱 Malay · Chile
1093
-17
🇸🇰 Hindustanis · Slovakia
1067
-16
🇸🇰 Khmer · Slovakia
1039
-15
colafantahunter
13:49 Feudal Age
14:33 Loom
14:48 Double-Bit Axe
21:05 Castle Age
20:28 Horse Collar
20:48 Gold Mining
20:53 Stone Mining
22:08 Wheelbarrow
23:25 Bow Saw
23:47 Heavy Plow
23:54 Heavy Plow
28:37 Hand Cart
28:07 Town Watch
30:19 Gold Shaft Mining
30:21 Stone Shaft Mining
29:52 Town Patrol
31:54 Fletching
32:04 Padded Archer Armor
35:05 Imperial Age
32:58 Bodkin Arrow
33:42 Leather Archer Armor
33:30 Malon
35:45 Ballistics
35:11 Elite Bolas Rider
37:47 Chemistry
36:59 Forging
37:20 Ring Archer Armor
37:13 Conscription
37:03 Butalmapu
37:34 Treadmill Crane
38:04 Masonry
37:51 Murder Holes
39:21 Crop Rotation
53:59 Elite Skirmisher
69:37 Caravan
77:54 Architecture
77:49 Bombard Tower
77:15 Arrowslits
Sukundun
4:14 Loom
14:00 Feudal Age
14:43 Double-Bit Axe
14:42 Horse Collar
19:36 Castle Age
17:54 Fletching
19:13 Scale Barding Armor
25:10 Ballistics
28:52 Thumb Ring
28:57 Husbandry
29:07 Bloodlines
29:49 Heavy Plow
31:21 Town Watch
33:26 Marauders
40:25 Imperial Age
39:44 Bow Saw
41:41 Parthian Tactics
42:52 Conscription
43:20 Wheelbarrow
42:39 Heavy Cavalry Archer
50:18 Hand Cart
49:50 Elite Tarkan
51:10 Chain Barding Armor
51:00 Forging
52:44 Light Cavalry
54:45 Hussar
59:41 Elite Skirmisher
64:01 Iron Casting
71:08 Plate Barding Armor
87:29 Blast Furnace
86:32 Padded Archer Armor
86:28 Bodkin Arrow
86:33 Scale Mail Armor
91:35 Squires
91:27 Pikeman
namrskal
5:47 Loom
13:47 Feudal Age
21:09 Castle Age
19:23 Scale Mail Armor
19:38 Forging
22:43 Wheelbarrow
21:58 Double-Bit Axe
25:04 Horse Collar
27:20 Bow Saw
28:01 Fervor
29:37 Bloodlines
30:29 Gold Mining
30:49 Town Watch
31:38 Scale Barding Armor
32:31 Pikeman
36:04 Fletching
38:26 Stone Mining
42:43 Imperial Age
41:27 Stone Shaft Mining
42:09 Hand Cart
44:03 Crenellations
44:08 Conscription
44:06 Bodkin Arrow
44:32 Chain Barding Armor
44:38 Cavalier
48:35 Elite Skirmisher
50:22 Hoardings
52:44 Iron Casting
52:30 Guilds
52:50 Coinage
53:18 Scale Mail Armor
54:51 Chain Mail Armor
55:59 Elite Teutonic Knight
57:14 Plate Mail Armor
57:07 Paladin
61:17 Plate Barding Armor
62:22 Siege Engineers
62:28 Masonry
62:39 Ballistics
63:20 Chemistry
62:31 Fortified Wall
63:28 Squires
63:14 Gambesons
63:15 Arson
65:06 Blast Furnace
64:08 Padded Archer Armor
65:43 Town Patrol
70:50 Caravan
75:09 Man-at-Arms
75:10 Halberdier
78:49 Leather Archer Armor
giancarlo7
13:53 Feudal Age
15:35 Wheelbarrow
14:51 Double-Bit Axe
15:16 Horse Collar
22:01 Castle Age
20:21 Stone Mining
20:25 Gold Mining
21:14 Forging
21:27 Scale Mail Armor
21:55 Scale Barding Armor
24:00 Hand Cart
24:21 Bow Saw
32:12 Imperial Age
30:16 Szlachta Privileges
31:19 Chain Barding Armor
31:03 Husbandry
31:48 Chain Mail Armor
33:14 Iron Casting
33:15 Conscription
32:42 Cavalier
35:02 Plate Mail Armor
35:53 Blast Furnace
39:34 Capped Ram
41:13 Siege Ram
42:04 Elite Obuch
42:12 Light Cavalry
43:03 Bloodlines
43:11 Winged Hussar
75:02 Lechitic Legacy
79:47 Caravan
93:28 Man-at-Arms
94:12 Long Swordsman
94:55 Two-Handed Swordsman
MAMBA MULLET
10:46 Loom
14:01 Feudal Age
16:42 Double-Bit Axe
16:55 Horse Collar
23:42 Wheelbarrow
27:13 Castle Age
26:09 Scale Barding Armor
26:16 Forging
28:17 Chain Barding Armor
28:33 Iron Casting
28:47 Bloodlines
29:00 Bow Saw
28:52 Heavy Plow
30:27 Gold Mining
31:00 Hand Cart
36:02 Imperial Age
34:31 Light Cavalry
36:08 Gold Shaft Mining
37:23 Crop Rotation
37:55 Two-Man Saw
36:16 Cavalier
37:33 Plate Barding Armor
37:59 Blast Furnace
37:44 Hussar
40:03 Pikeman
40:43 Squires
40:29 Arson
41:07 Scale Mail Armor
41:34 Halberdier
43:33 Conscription
43:18 Steppe Husbandry
42:41 Elite Kipchak
44:39 Chain Mail Armor
45:45 Paladin
47:18 Plate Mail Armor
47:31 Capped Ram
48:45 Siege Ram
51:09 Stone Mining
52:06 Fletching
52:31 Masonry
54:16 Caravan
54:46 Coinage
54:27 Guilds
58:54 Cuman Mercenaries
58:50 Bodkin Arrow
59:18 Ballistics
59:59 Chemistry
58:55 Murder Holes
60:19 Banking
60:21 Elite Kipchak
61:06 Padded Archer Armor
68:41 Parthian Tactics
68:22 Thumb Ring
69:00 Elite Skirmisher
71:50 Hoardings
72:09 Heavy Cavalry Archer
78:33 Elite Steppe Lancer
81:12 Onager
84:14 Siege Onager
84:54 Heated Shot
85:15 Careening
85:16 Clinker Construction
84:41 Man-at-Arms
86:21 Long Swordsman
87:05 Two-Handed Swordsman
88:08 Champion
powerkek
14:00 Feudal Age
14:33 Loom
15:36 Wheelbarrow
14:45 Horse Collar
16:20 Double-Bit Axe
21:05 Castle Age
19:26 Gold Mining
20:52 Forging
22:01 Hand Cart
23:42 Bloodlines
23:59 Husbandry
26:11 Heavy Plow
26:23 Bow Saw
28:00 Iron Casting
28:49 Town Watch
32:05 Scale Barding Armor
32:43 Gold Shaft Mining
32:54 Crossbowman
33:41 Stone Mining
38:32 Imperial Age
37:28 Chain Barding Armor
37:50 Caravan
38:04 Fletching
38:43 Fortified Wall
38:46 Heavy Camel Rider
40:39 Blast Furnace
40:19 Plate Barding Armor
44:31 Imperial Camel Rider
45:20 Bodkin Arrow
49:43 Chemistry
53:59 Stone Shaft Mining
54:46 Scale Mail Armor
58:25 Conscription
59:33 Padded Archer Armor
65:45 Bracer
66:00 Leather Archer Armor
66:15 Ballistics
66:07 Masonry
67:01 Shatagni
67:04 Grand Trunk Road
69:13 Hoardings
72:06 Coinage
73:36 Banking
72:59 Light Cavalry
79:07 Hussar
88:51 Thumb Ring
91:23 Ring Archer Armor
GABO
5:15 Loom
14:36 Feudal Age
15:02 Double-Bit Axe
20:05 Stone Mining
20:07 Gold Mining
21:41 Wheelbarrow
25:10 Castle Age
23:26 Horse Collar
24:02 Town Watch
26:18 Bow Saw
26:42 Forging
29:18 Hand Cart
31:03 Fishing Lines
32:45 Town Patrol
33:35 Squires
33:22 Arson
33:50 Thalassocracy
34:42 Stone Shaft Mining
35:01 Iron Casting
36:10 Gold Shaft Mining
36:34 Padded Archer Armor
36:24 Fletching
36:58 Gillnets
37:24 Thumb Ring
36:40 Crossbowman
37:41 Leather Archer Armor
38:37 Caravan
41:41 Imperial Age
39:35 Ballistics
39:00 Treadmill Crane
39:16 Murder Holes
39:22 Bodkin Arrow
39:15 Pikeman
41:07 Bracer
40:38 Arbalester
46:54 Ring Archer Armor
47:26 Blast Furnace
46:52 Elite Skirmisher
49:27 Chemistry
49:36 Conscription
55:33 Elite Karambit Warrior
56:15 Halberdier
56:22 Capped Ram
57:43 Heavy Scorpion
71:21 Husbandry
70:42 Light Cavalry
71:07 Elite Battle Elephant
72:24 Scale Barding Armor
79:16 Light Cavalry
Iraqi Fairy Queen
6:59 Loom
11:48 Loom
13:34 Feudal Age
15:31 Double-Bit Axe
20:01 Horse Collar
23:18 Castle Age
21:53 Gold Mining
22:54 Bloodlines
22:56 Forging
24:32 Husbandry
24:37 Scale Mail Armor
24:50 Pikeman
30:15 Chain Mail Armor
31:25 Wheelbarrow
38:22 Imperial Age
38:45 Iron Casting
38:03 Fletching
38:19 Scale Barding Armor
38:59 Fortified Wall
39:26 Siege Engineers
39:46 Conscription
39:41 Halberdier
41:32 Heavy Scorpion
42:53 Bow Saw
43:38 Double Crossbow
46:12 Hand Cart
57:35 Hoardings
57:21 Masonry
57:32 Ballistics
68:06 Light Cavalry
75:46 Caravan
Connection lost

Rejoining the realm…

Still unreachable

The connection could not be restored.

Session expired

The server has moved on; the page needs a fresh start.